 Dungeon Crawl Stone Soup version 0.28.0-45-g0d030f2227 (webtiles) character file.

Game seed: 5876821779924005619

318 MisterFreud the Ducker (level 6, -10/51 HPs)
             Began as a Gnoll Gladiator on Mar 29, 2022.
             Was a Believer of Okawaru.
             Engulfed by a cloud of flame (19 damage)
             ... on level 4 of the Dungeon.
             The game lasted 00:03:39 (3254 turns).

MisterFreud the Ducker (Gnoll Gladiator)            Turns: 3254, Time: 00:03:40

Health: -10/51     AC:  9    Str: 12    XL:     6   Next: 45%
Magic:  9/9        EV: 14    Int:  9    God:    Okawaru [**....]
Gold:   54         SH:  0    Dex: 14    Spells: 9/9 levels left

rFire   . . .      SeeInvis +   a - +1 quarterstaff
rCold   . . .      Faith    .   (shield currently unavailable)
rNeg    + . .      Spirit   .   b - +0 leather armour
rPois   +          Reflect  .   c - +1 helmet
rElec   .          Harm     .   k - +2 ratskin cloak {*Rats rPois rN+ Str-1 Int-1 Dex+1}
rCorr   .          Rampage  .   o - +0 pair of gloves
Will    .....                   (no boots)
Stlth   ++........              (no amulet)
HPRegen 0.17/turn               g - ring of poison resistance
MPRegen 0.11/turn               l - ring of see invisible

@: attractive, flying
A: fangs 1, strong nose, distributed training
a: Renounce Religion, Heroism


You were on level 4 of the Dungeon.
You worshipped Okawaru.
Okawaru was pleased with you.
You visited 1 branch of the dungeon, and saw 4 of its levels.

You collected 54 gold pieces.

Inventory:

Hand Weapons
 a - a +1 quarterstaff (weapon)
Missiles
 d - 3 throwing nets (quivered)
 i - 6 poisoned darts
Armour
 b - a +0 leather armour (worn)
 c - a +1 helmet (worn)
 k - the +2 ratskin cloak (worn) {*Rats rPois rN+ Str-1 Int-1 Dex+1}
   (You found it on level 2 of the Dungeon)

   When the wearer is hurt, rats may emerge from it to assist them.
   Str:       It affects your strength (-1).
   Int:       It affects your intelligence (-1).
   Dex:       It affects your dexterity (+1).
   rPois:     It protects you from poison.
   rN:        It protects you from negative energy.
 o - a +0 pair of gloves (worn)
Jewellery
 g - a ring of poison resistance (left hand)
 l - a ring of see invisible (right hand)
Wands
 n - a wand of iceblast (6)
Potions
 e - a potion of resistance


   Skills:
 + Level 5.0 Fighting
 + Level 2.0 Short Blades
 + Level 2.0 Long Blades
 + Level 2.0 Axes
 + Level 2.0 Maces & Flails
 + Level 2.0 Polearms
 + Level 6.8 Staves
 + Level 2.0 Slings
 + Level 2.0 Bows
 + Level 2.0 Crossbows
 + Level 5.0 Throwing
 + Level 2.0 Armour
 + Level 6.8 Dodging
 + Level 2.0 Stealth
 + Level 2.0 Shields
 + Level 2.0 Unarmed Combat
 + Level 2.0 Spellcasting
 + Level 1.5 Conjurations
 + Level 1.5 Hexes
 + Level 1.5 Summonings
 + Level 1.5 Necromancy
 + Level 1.5 Translocations
 + Level 1.5 Transmutations
 + Level 1.5 Fire Magic
 + Level 1.5 Ice Magic
 + Level 1.5 Air Magic
 + Level 1.5 Earth Magic
 + Level 1.5 Poison Magic
 + Level 2.1 Invocations
 + Level 2.0 Evocations


You had 9 spell levels left.
You didn't know any spells.
Your spell library contained the following spells:

 Spells                   Type           Power      Damage    Failure   Level
 Pain                     Necr           12%        1d4       22%         1
 Sandblast                Erth           6%         2d5       22%         1
 Passwall                 Tmut/Erth      2%         N/A       34%         2
 Sublimation of Blood     Necr           3%         N/A       34%         2
 Wereblood                Tmut           3%         N/A       34%         2
 Stone Arrow              Conj/Erth      6%         3d7       56%         3
 Vampiric Draining        Necr           3%         2d6       56%         3
 Anguish                  Hex/Necr       1%         N/A       92%         4
 Borgnjor's Revivificati  Necr           1%         N/A       100%        8
 Animate Skeleton         Necr           Unusable   N/A       N/A         1
 Simulacrum               Ice/Necr       Unusable   N/A       N/A         6
 Summon Hydra             Summ           Unusable   N/A       N/A         7

Dungeon Overview and Level Annotations

Branches:
Dungeon (4/15)
 Temple: D:4-7

Altars:
Dithmenos
Fedhas
Okawaru
Ru

Annotations:
D:2 1 runed translucent door, Crazy Yiuf


Innate Abilities, Weirdness & Mutations

You have very sharp teeth.
Your uncanny sense of smell can sniff out nearby items.
Your experience applies equally to all skills.


Message History

A yak comes into view.
As you read the scroll labelled ILOUFE UTICYGAU, it crumbles to dust.
The creatures around you are filled with an inner flame!
It was a scroll of immolation.
The water moccasin skeleton bites you but does no damage.
The yak gores you!
As you read the scroll labelled HEIT BUUTEJETT, it crumbles to dust.
It is a scroll of enchant armour.
Your +0 helmet glows green for a moment.
The water moccasin skeleton bites you but does no damage.
The yak barely misses you.
Okay, then.
Unknown command.
Unknown command.
Unknown command.
Okay, then.
It was a potion of attraction.
You feel attractive to monsters. The yak gores you.
It was a potion of flight.
You feel very buoyant.
You fly up into the air.
The yak completely misses you. x2
You hit the yak.
Flame seeps out of the yak.
The yak is lightly wounded.
The yak is engulfed in blazing flames.
Flame seeps out of the yak.
The yak misses you. The yak completely misses you.
You sock the yak!
Flame seeps out of the yak.
The yak is heavily wounded.
The yak is engulfed in blazing flames.
Flame seeps out of the yak.
The yak misses you. x2
You hit the yak. Okawaru is honoured by your kill.
The yak explodes!
The fiery explosion engulfs the water moccasin skeleton!!
Flame seeps out of the water moccasin skeleton.
The water moccasin skeleton is almost destroyed.
The fiery explosion engulfs you!!
* * * LOW HITPOINT WARNING * * *
You are engulfed in blazing flames.
You die...

#.##.#...#####
#.##..#.##
#....[Z..#
#Y######.# #.#
.# #Z# .# .
#.# .....
#.######.....
#.Z°@YYY.....
######Y......
.......
#...... #.....
..... ∆ #..#
..#


You could see 4 yaks and a water moccasin skeleton (inner flame).

Vanquished Creatures
  A yak (D:4)
  A black bear (D:3)
  A hound (D:4)
  A jelly (D:3)
  A centaur skeleton (D:2)
  Jessica (D:3)
  A hound skeleton (D:4)
  2 gnolls (D:3)
  A howler monkey skeleton (D:4)
  2 adders (D:2)
  A dart slug (D:1)
  3 orcs (D:2)
  6 ball pythons
  4 endoplasms
  A giant cockroach (D:1)
  6 goblins
  5 hobgoblins
  6 jackals
  2 kobolds
  3 quokkas
  2 frilled lizards
  5 rats (D:2)
56 creatures vanquished.

Vanquished Creatures (others)
  3 withered plants (D:2)
3 creatures vanquished.

Grand Total: 59 creatures vanquished

Notes
Turn   | Place    | Note
-------+----------+-------------------------------------------
     0 | D:1      | MisterFreud the Gnoll Gladiator began the quest for the
                  | Orb.
     0 | D:1      | Reached XP level 1. HP: 20/20 MP: 1/1
   247 | D:1      | Reached XP level 2. HP: 26/26 MP: 2/2
   861 | D:2      | Reached skill level 1 in Invocations
   861 | D:2      | Reached XP level 3. HP: 23/31 MP: 2/4
   864 | D:2      | Reached skill level 1 in Short Blades
   864 | D:2      | Reached skill level 1 in Long Blades
   864 | D:2      | Reached skill level 1 in Axes
   864 | D:2      | Reached skill level 1 in Maces & Flails
   864 | D:2      | Reached skill level 1 in Polearms
   864 | D:2      | Reached skill level 1 in Slings
   864 | D:2      | Reached skill level 1 in Bows
   864 | D:2      | Reached skill level 1 in Crossbows
   864 | D:2      | Reached skill level 1 in Armour
   864 | D:2      | Reached skill level 1 in Stealth
   864 | D:2      | Reached skill level 1 in Shields
   864 | D:2      | Reached skill level 1 in Unarmed Combat
   864 | D:2      | Reached skill level 1 in Spellcasting
   864 | D:2      | Reached skill level 1 in Evocations
   996 | D:2      | Reached XP level 4. HP: 33/38 MP: 5/5
  1093 | D:2      | Found a faded altar of an unknown god.
  1118 | D:2      | Prayed at the altar of an unknown god.
  1118 | D:2      | Became a worshipper of Warmaster Okawaru
  1118 | D:2      | Reached * piety under Okawaru
  1200 | D:2      | Got the Almanac of Unholy Secrets
  1243 | D:2      | Found the +2 ratskin cloak {*Rats rPois rN+ Str-1 Int-1
                  | Dex+1}
  1353 | D:2      | Found a runed translucent door.
  1354 | D:2      | Noticed Crazy Yiuf
  1712 | D:3      | Noticed a black bear
  1731 | D:3      | Killed a black bear
  1732 | D:3      | Reached skill level 1 in Conjurations
  1732 | D:3      | Reached skill level 1 in Hexes
  1732 | D:3      | Reached skill level 1 in Summonings
  1732 | D:3      | Reached skill level 1 in Necromancy
  1732 | D:3      | Reached skill level 1 in Translocations
  1732 | D:3      | Reached skill level 1 in Transmutations
  1732 | D:3      | Reached skill level 1 in Fire Magic
  1732 | D:3      | Reached skill level 1 in Ice Magic
  1732 | D:3      | Reached skill level 1 in Air Magic
  1732 | D:3      | Reached skill level 1 in Earth Magic
  1732 | D:3      | Reached skill level 1 in Poison Magic
  1732 | D:3      | Reached XP level 5. HP: 7/43 MP: 5/7
  2196 | D:3      | Noticed Jessica
  2219 | D:3      | Killed Jessica
  2236 | D:3      | Reached XP level 6. HP: 11/50 MP: 8/8
  2589 | D:3      | Found a sacrificial altar of Ru.
  2628 | D:3      | HP: 2/50 [gnoll/+0 halberd (9)]
  3058 | D:4      | Found a blossoming altar of Fedhas.
  3058 | D:4      | Found an iron altar of Okawaru.
  3059 | D:4      | Found a shadowy altar of Dithmenos.
  3168 | D:4      | Reached skill level 5 in Fighting
  3168 | D:4      | Reached skill level 5 in Throwing
  3229 | D:4      | Noticed a yak
  3229 | D:4      | Noticed a yak
  3229 | D:4      | Noticed a yak
  3244 | D:4      | Noticed a yak
  3246 | D:4      | Noticed a yak
  3254 | D:4      | Killed a yak
  3254 | D:4      | Reached ** piety under Okawaru
  3254 | D:4      | Engulfed by a cloud of flame

Illustrated notes

Levels and vault maps discovered:
D:1:      mrwooster_arrival_statue_2, layout_loops_ring, minmay_misc_feat_roman
D:2:      layout_basic, ebering_ecumenical_altar_petrified, grunt_ministairs_12,
          uniq_crazy_yiuf_cottage
D:3:      layout_loops_ring, nicolae_ru_sacrificial_ziggurat,
          wander_ebering_terrifying_dragon_lair, uniq_jessica
D:4:      layout_cave_pods, chequers_temple_overflow_statue_of_worship,
          hangedman_abyss_or_decor_lesser_grid, st_stairs_9, uniq_grinder

Skill      XL: |  1  2  3  4  5  6 |
---------------+-------------------+-----
Invocations    | 1 2 |  2.1
Short Blades   | 1 2 |  2.0
Long Blades    | 1 2 |  2.0
Axes           | 1 2 |  2.0
Maces & Flails | 1 2 |  2.0
Polearms       | 1 2 |  2.0
Slings         | 1 2 |  2.0
Bows           | 1 2 |  2.0
Crossbows      | 1 2 |  2.0
Armour         | 1 2 |  2.0
Stealth        | 1 2 |  2.0
Shields        | 1 2 |  2.0
Unarmed Combat | 1 2 |  2.0
Spellcasting   | 1 2 |  2.0
Evocations     | 1 2 |  2.0
Conjurations   | 1 |  1.5
Hexes          | 1 |  1.5
Summonings     | 1 |  1.5
Necromancy     | 1 |  1.5
Translocations | 1 |  1.5
Transmutations | 1 |  1.5
Fire Magic     | 1 |  1.5
Ice Magic      | 1 |  1.5
Air Magic      | 1 |  1.5
Earth Magic    | 1 |  1.5
Poison Magic   | 1 |  1.5
Fighting       | 5 |  5.0
Throwing       | 5 |  5.0
Staves         | |  6.8
Dodging        | |  6.8

Action                   |  1- 3 |  4- 6 || total
-------------------------+-------+-------++-------
Melee: Quarterstaff      |    53 |   116 ||   169
       Bite              |     2 |    10 ||    12
  Use: Scroll            |       |     5 ||     5
       Potion            |       |     2 ||     2
 Stab: Sleeping          |       |     1 ||     1
Armor: Leather armour    |    10 |    39 ||    49
Dodge: Dodged            |    26 |    97 ||   123
